Construct Section Command Post
Selects Air and Sea Battlegroup
Construct Field Infirmary
Construct Platoon Command Post
Unlock Bishop Self-propelled Artillery
Bishop Self-propelled Artillery
6-pounder Anti-tank Gun Team
Construct Company Command Post
Unlock M3 Grant Medium Tanks
Selects Naval Bombardment
Unlock Towed 17-pounder Anti-tank Guns
Selects Commando Section Paradrop
Selects Commando Support Section Paradrop
17-pounder Anti-tank Gun Team
Bishop Self-propelled Artillery
Commando Section Paradrop
Selects Anti-tank Rocket Loiter
Commando Section Paradrop
Bishop Self-propelled Artillery
17-pounder Anti-tank Gun Team